cohdb
Replays
Latest Replays
All Replays
Popular Replays
Top Player Replays
Match Explorer
How It Works
Community
CoH3 Stats
Reddit
Sign in to upload your games and track your stats! →
Sign in with Steam
Match 42180637
Unlisted
Match 42180637
Overview
Messages
Build Orders
End
Scout Squad
Scout Squad
Construct Weapon Support Center
Selects Airborne Battlegroup
M1919 Machine Gun Team
Selects Pathfinders
Pathfinder Squad
M1919 Machine Gun Team
Infantry Support Center
Construct Medical Station
M3 Armored Personnel Carrier
Selects Paratrooper Squad Paradrop
Construct Motor Pool
Paratrooper Squad Paradrop
M1 Anti-tank Gun Team
M1919 Machine Gun Team
Paratrooper Squad Paradrop
Construct Tank Depot
Selects Recon Loiter
Selects Paradrop Reinforcements
Paradrop Reinforcements
M4A1 Sherman Medium Tank
M4A1 Sherman Medium Tank
Paradrop Reinforcements
Selects Carpet Bombing Run
Engineer Squad
Engineer Squad
M4A1 Sherman Medium Tank
Paradrop Reinforcements
Recon Loiter
Paratrooper Squad Paradrop
سَۨفُـيٰانۨوٰس
jmilli10
0
0
Comments
sign in to comment!
No comments posted yet!